 Dungeon Crawl Stone Soup version 0.30-b1-2-g02819fbbbe (webtiles) character file.

Game seed: 16323944718572934595

437 Anothat the Skirmisher (level 7, -1/50 HPs)
             Began as a Gnoll Wanderer on May 11, 2023.
             Killed from afar by Blork the orc (6 damage)
             ... with a magic dart
             ... on level 4 of the Dungeon.
             The game lasted 00:06:34 (2229 turns).

Anothat the Skirmisher (Gnoll Wanderer)             Turns: 2229, Time: 00:06:35

Health: -1/50      AC:  6    Str: 15    XL:     7   Next: 1%
Magic:  10/10      EV: 11    Int: 10    God:
Gold:   110        SH:  5    Dex: 11    Spells: 10/10 levels left

rFire   . . .        r - +0 scythe (venom)
rCold   . . .        (shield currently unavailable)
rNeg    . . .        m - +0 ring mail
rPois   .            (no helmet)
rElec   .            (no cloak)
rCorr   .            t - +0 pair of gloves
SInv    .            (no boots)
Will    .....        w - amulet of reflection
Stlth   +            (no ring)
HPRegen 0.28/turn    (no ring)
MPRegen 0.12/turn

%: reflection
@: attractive, invisible
A: fangs 1, strong nose, distributed training
a: no special abilities


You were on level 4 of the Dungeon.
You visited 1 branch of the dungeon, and saw 5 of its levels.

You collected 110 gold pieces.

Inventory:

Hand Weapons
 a - a +2 sling
 b - a +0 mace
 r - a +0 scythe of venom (weapon)
Armour
 e - a +0 leather armour
 m - a +0 ring mail (worn)
 t - a +0 pair of gloves (worn)
Jewellery
 l - an amulet of the acrobat
 w - an amulet of reflection (around neck)
Scrolls
 f - a scroll of poison {unknown}
 h - 3 scrolls of identify {unknown}
 k - a scroll of blinking {unknown}
 n - 3 scrolls of immolation {unknown}
 o - 3 scrolls of magic mapping {unknown}
 p - a scroll of teleportation {unknown}
 s - a scroll of vulnerability {unknown}
Miscellaneous
 c - a piece from Xom's chessboard (9/15) (quivered)


   Skills:
 + Level 2.3 Fighting
 + Level 2.3 Short Blades
 + Level 2.3 Long Blades
 + Level 2.3 Axes
 + Level 5.1 Maces & Flails
 + Level 2.3 Polearms
 + Level 2.3 Staves
 + Level 8.8 Ranged Weapons
 + Level 2.3 Throwing
 + Level 3.5 Armour
 + Level 3.5 Dodging
 + Level 2.3 Stealth
 + Level 2.3 Shields
 + Level 2.3 Unarmed Combat
 + Level 2.3 Spellcasting
 + Level 1.8 Conjurations
 + Level 1.8 Hexes
 + Level 1.8 Summonings
 + Level 1.8 Necromancy
 + Level 1.8 Translocations
 + Level 1.8 Transmutations
 + Level 1.8 Fire Magic
 + Level 1.8 Ice Magic
 + Level 1.8 Air Magic
 + Level 1.8 Earth Magic
 + Level 1.8 Poison Magic
 + Level 2.5 Invocations
 + Level 5.1 Evocations


You had 10 spell levels left.
You didn't know any spells.
Your spell library contained the following spells:

 Spells                   Type           Power      Damage    Failure   Level
 Ensorcelled Hibernation  Hex/Ice        8%         N/A       38%         2
 Passwall                 Tmut/Erth      3%         N/A       38%         2
 Scorch                   Fire           8%         2d5       38%         2
 Swiftness                Air            4%         N/A       63%         3
 Flame Wave               Conj/Fire      4%         2d5       95%         4
 Summon Cactus Giant      Summ           2%         N/A       100%        6


Dungeon Overview and Level Annotations

Branches:
Dungeon (5/15)
 Temple: D:4-7

Altars:

Shops:
D:2 (

Annotations:
D:4 Blork the orc


Innate Abilities, Weirdness & Mutations

You have very sharp teeth.
Your uncanny sense of smell can sniff out nearby items.
Your experience applies equally to all skills.


Message History

You make a move on Xom's chessboard...
Blork the orc seems to grow stronger.
Non-targeted evoke: piece from Xom's chessboard (12/15)
Press: ? - help, Q - select action Dir - look around, f - activate Look: Blork the orc, wielding a +0 heavy war axe and wearing a +0 robe (strong, unable to see you)
You make a move on Xom's chessboard...
Blork the orc twists and deforms.
You block Blork the orc's attack.
Non-targeted evoke: piece from Xom's chessboard (11/15)
Press: ? - help, Q - select action Dir - look around, f - activate Look: Blork the orc, wielding a +0 heavy war axe and wearing a +0 robe (strong, unable to see you, misshapen and mutated)
You make a move on Xom's chessboard...
Nothing appears to happen.
You block Blork the orc's attack.
Non-targeted evoke: piece from Xom's chessboard (10/15)
Press: ? - help, Q - select action Dir - look around, f - activate Look: Blork the orc, wielding a +0 heavy war axe and wearing a +0 robe (strong, unable to see you, misshapen and mutated)
You make a move on Xom's chessboard...
Blork the orc seems to slow down.
You hit Blork the orc.
Blork the orc is moderately wounded.
Blork the orc hits you with a +0 heavy war axe.
* * * LOW HITPOINT WARNING * * *
You closely miss Blork the orc. You bite Blork the orc.
Blork the orc is moderately wounded.
You barely miss Blork the orc.
Blork the orc is moderately wounded.
Blork the orc looks braver for a moment.
Press: ? - help, v - describe, . - travel, g - get item
Here: Blork the orc, wielding a +0 heavy war axe and wearing a +0 robe (moderately wounded, strong, unable to see you, slow, misshapen and mutated) Item here: a howler monkey corpse.
The floor.
You aren't carrying any potions.
You barely miss Blork the orc.
Blork the orc is moderately wounded.
Blork the orc completely misses you.
You catch the helpless Blork the orc completely off-guard!
You hit Blork the orc.
Blork the orc is heavily wounded.
You completely miss Blork the orc.
Blork the orc is heavily wounded.
Blork the orc gestures at you while chanting.
The magic dart hits you.
You die...

.# ... ###
....#####.#####
...........#..###
........o....>..#
....##@##.....##
. ####.o...##
###.h....###
#..........##
#......†....###
#...#..)......#
##...###.......#
......#...#...##
#......#..##.#.#


You could see Blork the orc (strong, unable to see you, slow, misshapen).

Vanquished Creatures
  Sigmund (D:2)
  A howler monkey (D:4)
  A hound (D:5)
  A gnoll bouda (D:5)
  Natasha (twice) (D:4)
  3 gnolls (D:5)
  3 adders
  A worm (D:4)
  A dart slug (D:1)
  5 endoplasms
  3 giant cockroaches (D:1)
  6 goblins
  6 hobgoblins
  2 quokkas
  4 ball pythons (D:2)
  4 bats
  6 frilled lizards
  10 kobolds
  5 rats
65 creatures vanquished.

Notes
Turn   | Place    | Note
-------+----------+-------------------------------------------
     0 | D:1      | Anothat the Gnoll Wanderer began the quest for the Orb.
     0 | D:1      | Anothat set off with the following items: a +2 sling, a +0
                  | mace, a piece from Xom's chessboard (15/15), a scroll of
                  | summoning, a +0 leather armour.
     0 | D:1      | Reached XP level 1. HP: 13/13 MP: 1/1
    44 | D:1      | Reached XP level 2. HP: 18/19 MP: 2/2
   491 | D:1      | Reached XP level 3. HP: 25/25 MP: 3/3
   862 | D:2      | Reached skill level 1 in Invocations
  1034 | D:2      | Noticed Sigmund
  1058 | D:2      | Killed Sigmund
  1059 | D:2      | Reached skill level 1 in Fighting
  1059 | D:2      | Reached skill level 1 in Short Blades
  1059 | D:2      | Reached skill level 1 in Long Blades
  1059 | D:2      | Reached skill level 1 in Axes
  1059 | D:2      | Reached skill level 1 in Polearms
  1059 | D:2      | Reached skill level 1 in Staves
  1059 | D:2      | Reached skill level 1 in Throwing
  1059 | D:2      | Reached skill level 1 in Stealth
  1059 | D:2      | Reached skill level 1 in Shields
  1059 | D:2      | Reached skill level 1 in Unarmed Combat
  1059 | D:2      | Reached skill level 1 in Spellcasting
  1059 | D:2      | Reached skill level 1 in Conjurations
  1059 | D:2      | Reached skill level 1 in Hexes
  1059 | D:2      | Reached skill level 1 in Summonings
  1059 | D:2      | Reached skill level 1 in Necromancy
  1059 | D:2      | Reached skill level 1 in Translocations
  1059 | D:2      | Reached skill level 1 in Transmutations
  1059 | D:2      | Reached skill level 1 in Fire Magic
  1059 | D:2      | Reached skill level 1 in Ice Magic
  1059 | D:2      | Reached skill level 1 in Air Magic
  1059 | D:2      | Reached skill level 1 in Earth Magic
  1059 | D:2      | Reached skill level 1 in Poison Magic
  1059 | D:2      | Reached XP level 4. HP: 21/33 MP: 4/6
  1059 | D:2      | Reached XP level 5. HP: 24/38 MP: 4/7
  1320 | D:2      | Reached XP level 6. HP: 43/44 MP: 8/8
  1323 | D:2      | Found Hesees's Weapon Shop.
  1886 | D:3      | You fall into a shaft and drop 2 floors!
  1886 | D:5      | Entered Level 5 of the Dungeon
  1911 | D:5      | Reached skill level 5 in Maces & Flails
  1911 | D:5      | Reached skill level 5 in Evocations
  2121 | D:4      | Noticed Natasha
  2130 | D:4      | Killed Natasha
  2182 | D:4      | Noticed Natasha
  2190 | D:4      | Killed Natasha
  2191 | D:4      | Noticed Blork the orc
  2218 | D:4      | Reached XP level 7. HP: 7/50 MP: 10/10
  2229 | D:4      | Killed from afar by Blork the orc

Illustrated notes

Levels and vault maps discovered:
D:1:      lightli_arrival_statue_moat, layout_basic
D:2:      layout_loops_ring, serial_shops, nicolae_shop_bloodbath_and_beyond,
          kennysheep_decorative_pillar, uniq_sigmund
D:3:      layout_rooms, minmay_quadrilaterals
D:4:      layout_cave_pools, uniq_natasha, uniq_blork_the_orc
D:5:      layout_basic

Skill      XL: |  1  2  3  4  5  6 |
---------------+-------------------+-----
Invocations    | 2 |  2.5
Fighting       | 1 2 |  2.3
Short Blades   | 1 2 |  2.3
Long Blades    | 1 2 |  2.3
Axes           | 1 2 |  2.3
Polearms       | 1 2 |  2.3
Staves         | 1 2 |  2.3
Throwing       | 1 2 |  2.3
Armour         | 3 |  3.5
Dodging        | 3 |  3.5
Stealth        | 1 2 |  2.3
Shields        | 1 2 |  2.3
Unarmed Combat | 1 2 |  2.3
Spellcasting   | 1 2 |  2.3
Conjurations   | 1 |  1.8
Hexes          | 1 |  1.8
Summonings     | 1 |  1.8
Necromancy     | 1 |  1.8
Translocations | 1 |  1.8
Transmutations | 1 |  1.8
Fire Magic     | 1 |  1.8
Ice Magic      | 1 |  1.8
Air Magic      | 1 |  1.8
Earth Magic    | 1 |  1.8
Poison Magic   | 1 |  1.8
Maces & Flails | 5 |  5.1
Evocations     | 5 |  5.1
Ranged Weapons | |  8.8

Action                     |  1- 3 |  4- 6 |  7- 9 || total
---------------------------+-------+-------+-------++-------
  Melee: Halberd           |       |   111 |     6 ||   117
         Bite              |       |     5 |     1 ||     6
   Fire: Sling             |   100 |       |       ||   100
  Evoke: Piece from Xom's  |     1 |     1 |     6 ||     8
    Use: Potion            |     1 |     7 |       ||     8
         Scroll            |       |     1 |       ||     1
   Stab: Invisible         |       |     1 |     1 ||     2
 Armour: Leather armour    |     3 |       |       ||     3
         Ring mail         |     2 |    52 |       ||    54
         Skin              |       |    12 |       ||    12
  Dodge: Dodged            |    14 |    71 |     3 ||    88
  Block: Other             |       |    26 |     2 ||    28
